 Dungeon Crawl Stone Soup version 0.22-a0-480-g991dd4b (webtiles) character file.

8309 epen the Grappler (level 11, -3/78 HPs)
             Began as an Octopode Fighter on June 17, 2018.
             Was a High Priest of Cheibriados.
             Slain by an efreet
             ... wielding a +4 scimitar of flaming
              (23 damage)
             ... on level 10 of the Dungeon.
             The game lasted 00:19:04 (11124 turns).

epen the Grappler (Octopode Fighter)               Turns: 11124, Time: 00:19:05

Health: -3/78      AC:  1    Str: 35    XL:     11   Next: 28%
Magic:  15/15      EV: 25    Int: 22    God:    Cheibriados [*****.]
Gold:   541        SH:  0    Dex: 26    Spells: 10/10 levels left

rFire    . . .     SeeInvis .   C - +7 dagger "Hinuiq" {pierce, Str+4}
rCold    + . .     Gourm    .   (no shield)
rNeg     . . .     Faith    .   (helmet restricted)
rPois    .         Spirit   .   (no amulet)
rElec    .         Reflect  .   f - +3 ring of evasion
rCorr    .         Harm     .   l - +2 ring of strength
MR       .....                  (no ring)
Stlth    +++.......             (no ring)
HPRegen  0.23/turn              (no ring)
MPRegen  0.14/turn              (no ring)
                                (no ring)
                                (no ring)

@: very slow
A: almost no armour, stealthy swim, amphibious, 8 rings, constrict 8, camouflage
1, cold resistance 1, wild magic 1, gelatinous body 1
a: Bend Time, Temporal Distortion, Slouch, Step From Time, Renounce Religion


You were on level 10 of the Dungeon.
You worshipped Cheibriados.
Cheibriados was extremely pleased with you.
You were not hungry.

You visited 1 branch of the dungeon, and saw 10 of its levels.
You also visited: Sewer.

You collected 541 gold pieces.

Inventory:

Hand Weapons
 s - a +3 short sword of venom
 C - the +7 dagger "Hinuiq" (weapon) {pierce, Str+4}
   (You found it on level 9 of the Dungeon)

   It inflicts extra damage upon your enemies.
   It affects your strength (+4).
Missiles
 B - 2 throwing nets (quivered)
Armour
 a - a +1 shield
Jewellery
 f - a +3 ring of evasion (left tentacle)
 l - a +2 ring of strength (right tentacle)
Wands
 e - a wand of clouds (6)
 i - a wand of disintegration (27)
 k - a wand of flame (28)
Scrolls
 d - 2 scrolls of identify
 h - 3 scrolls of amnesia
 n - 2 scrolls of enchant armour
 o - 2 scrolls of remove curse
 v - a scroll of fear
 y - 4 scrolls of teleportation
 z - 2 scrolls of blinking
 A - a scroll of magic mapping
Potions
 b - 5 potions of might
 g - a potion of lignification
 j - 4 potions of heal wounds
 m - 4 potions of flight
 p - a potion of ambrosia
 q - 8 potions of curing
 r - a potion of haste {unknown}
 t - a potion of brilliance
 u - 3 potions of mutation
 w - a potion of invisibility
 x - a potion of resistance
Comestibles
 c - 24 rations


   Skills:
 + Level 8.7 Fighting
 + Level 8.6 Dodging
 - Level 3.0 Shields
 * Level 11.4 Unarmed Combat
 * Level 6.6 Invocations


You had 10 spell levels left.
You didn't know any spells.
Your spell library was empty.

Dungeon Overview and Level Annotations

Branches:
Dungeon (10/15)            Temple (0/1) D:7            Lair (0/6) D:8
    Orc (0/2) D:9

Altars:
Ashenzari
Cheibriados
Dithmenos
Elyvilon
Fedhas
Kikubaaqudgha
Nemelex Xobeh
Qazlal
Ru
Sif Muna
Vehumet
Wu Jian
Xom
Beogh

Shops:
D:8 [

Annotations:
D:3 pk666's ghost, amateur DEFE


Innate Abilities, Weirdness & Mutations

You cannot wear most types of armour.
You are very stealthy in the water. (Stealth+)
You are amphibious.
You can wear up to eight rings at the same time.
You can use your tentacles to constrict eight enemies at once.
Your skin changes colour to match your surroundings (Stealth+).
Your rubbery body absorbs attacks. (AC +1, EV +1)
Your flesh is cold resistant. (rC+)
Your spells are a little harder to cast, but a little more powerful.


Message History

You are too injured to fight recklessly!
You feel much better. The efreet barely misses you.
You hit the efreet but do no damage.
The efreet is heavily wounded.
The efreet misses you.
You hit the efreet but do no damage. You squeeze the efreet.
The efreet is severely wounded.
The efreet gestures at you. The bolt of fire misses you.
You hit the efreet but do no damage.
The efreet is severely wounded.
The efreet hits you with a scimitar of flaming!!
The efreet burns you!
* * * LOW HITPOINT WARNING * * *
You barely miss the efreet. You squeeze the efreet.
The efreet is severely wounded.
Okay, then.
You fail to use your ability.
The efreet hits you with a scimitar of flaming!!
You die...

#######...# #...#
..........#########...########
..............................
########..############........
#..>..... #. #........ #####
##..############........ .....
........................ .....
.......o..@R..........). #####
........>...............
..............##########
..............#
..............#
..............#
..$...........#
............... ..........


You could see an efreet and an orc warrior.

Vanquished Creatures
  Psyche (D:8)
  A centaur skeleton (D:10)
  A komodo dragon (D:8)
  A wyvern (D:9)
  9 yaks
  2 hungry ghosts
  2 vampire mosquitoes (D:9)
  A water moccasin (D:9)
  2 black bears
  5 phantoms
  A necrophage (D:6)
  7 orc warriors
  An ice beast (D:6)
  4 ogres
  2 centaurs
  A crocodile (D:8)
  5 big kobolds
  7 bullfrogs
  A gnoll sergeant (D:9)
  3 scorpions
  A water moccasin skeleton (D:4)
  9 killer bees (D:8)
  5 wights (D:9)
  An electric eel (D:8)
  3 vampire bats (D:4)
  3 centaur zombies
  4 bullfrog zombies
  3 crimson imps
  3 hounds
  9 orc priests
  Crazy Yiuf (D:2)
  2 iguanas
  5 worker ants
  Natasha (thrice) (D:2)
  5 orc wizards
  A hound zombie (D:5)
  2 hound skeletons (D:4)
  A worker ant zombie (D:5)
  7 gnolls
  11 river rats (Sewer)
  15 adders
  An ooze (D:5)
  2 adder zombies
  A worm (D:2)
  A dart slug (D:1)
  5 leopard geckos
  38 orcs
  9 bats
  4 bat skeletons (D:4)
  2 bat zombies (D:4)
  4 giant cockroaches (D:5)
  6 hobgoblins
  10 jackals
  4 quokkas
  6 ball pythons
  5 frilled lizards
  16 goblins
  33 kobolds
  20 rats
318 creatures vanquished.

Vanquished Creatures (others)
  7 plants (D:8)
7 creatures vanquished.

Grand Total: 325 creatures vanquished

Notes
Turn   | Place    | Note
-------+----------+-------------------------------------------
     0 | D:1      | epen the Octopode Fighter began the quest for the Orb.
     0 | D:1      | Reached XP level 1. HP: 16/16 MP: 1/1
   104 | D:1      | Reached XP level 2. HP: 21/21 MP: 2/2
   658 | D:1      | Reached XP level 3. HP: 24/26 MP: 3/3
   822 | D:2      | Reached skill level 3 in Unarmed Combat
   843 | D:2      | Found a runed door.
   946 | D:2      | Noticed Natasha
   952 | D:2      | Killed Natasha
   952 | D:2      | Reached XP level 4. HP: 11/31 MP: 4/4
  1166 | D:2      | Found a white marble altar of Elyvilon.
  1251 | D:2      | Noticed Robin
  1258 | D:2      | Reached XP level 5. HP: 31/37 MP: 5/5
  1261 | D:2      | Noticed Natasha
  1455 | D:2      | Killed Natasha
  1455 | D:2      | Reached skill level 4 in Unarmed Combat
  1759 | D:2      | Noticed Natasha
  1765 | D:2      | Killed Natasha
  2099 | D:2      | Noticed Crazy Yiuf
  2103 | D:2      | Killed Crazy Yiuf
  2323 | D:3      | Reached XP level 6. HP: 43/43 MP: 6/6
  2353 | D:3      | Noticed pk666's ghost (amateur DEFE)
  3064 | D:4      | namelastname112: !lg * killer+~epen's_ghost
  3064 | D:4      | Reached skill level 5 in Unarmed Combat
  3068 | D:4      | beem: Broken query near '~epen's_ghost'
  3132 | D:4      | namelastname112: !lg * killer=~epen's_ghost
  3144 | D:4      | Found an ancient bone altar of Kikubaaqudgha.
  3149 | D:4      | beem: 35. Monsterracer the Conjurer (L5 HECj), slain by epen's ghost in Sewer (sewer_minmay_treatment) on 2017-08-19 15:35:51, with 240 points after 2953 turns and 0:06:30.
  3158 | D:4      | Reached XP level 7. HP: 27/49 MP: 7/7
  3196 | D:4      | namelastname112: !lg * killer=~epen's_ghost s=name
  3204 | D:4      | beem: 35 games for * (killer=~epen's_ghost): 7x epen, Kidiri, Marenglen, Monsterracer, murphy, oplop, WhatIsLove, Yehuk, st0uf, namelastname112, brucemayne, Roxy, mistymad, Murumi, Aquadorian, Aviak, Azzok, ontamu, imganon, azzavlup, George, Tux, ThereIsNoGod, Shtopit, crawlian, beholder, tstbtto, Pr0man, Hipnos
  3211 | D:3      | namelastname112: !lg * killer=~namelastname112's_ghost s=name
  3211 | D:3      | beem: 219 games for * (killer=~namelastname112's_ghost): 45x namelastname112, 4x Reinor, 3x Uhlv, 3x ololoev, 3x crauler, 3x Gagarin, 3x George, 3x Azzok, 3x Duffy, 3x Viceroy, 3x FIQ, 3x Lathuz, 2x Slowdrip, 2x Lovchig, 2x PeterLawrence, 2x Zhenya25pyc, 2x kae, 2x hornqvist, 2x wvc, 2x Ratboiler, 2x sKa, 2x Viilla, Kidiri, kak, Zigma, syage, Amnesiac, Chiseanne, ConnectionFaild, natiam, Trafet, davidg...
  3335 | D:3      | HP: 1/49 [orc warrior/short sword (15)]
  3695 | D:4      | Reached skill level 5 in Fighting
  3695 | D:4      | Reached skill level 5 in Dodging
  3695 | D:4      | Reached skill level 6 in Unarmed Combat
  3735 | D:4      | Found a snail-covered altar of Cheibriados.
  3744 | D:4      | Became a worshipper of Cheibriados the Contemplative
  3748 | D:4      | Found a deep blue altar of Sif Muna.
  4033 | D:4      | Found a shimmering altar of Xom.
  4195 | D:5      | Entered Level 5 of the Dungeon
  4200 | D:5      | Found a glowing drain.
  4223 | Sewer    | Entered a sewer
  4259 | Sewer    | Reached * piety under Cheibriados
  4292 | Sewer    | Reached XP level 8. HP: 55/55 MP: 8/8
  4651 | Sewer    | Reached ** piety under Cheibriados
  4968 | Sewer    | Reached skill level 7 in Unarmed Combat
  5182 | D:5      | Found a blossoming altar of Fedhas.
  5227 | D:5      | Found a sacrificial altar of Ru.
  5893 | D:6      | Found a shattered altar of Ashenzari.
  5896 | D:6      | Reached *** piety under Cheibriados
  5974 | D:6      | Reached skill level 8 in Unarmed Combat
  5977 | D:6      | Reached XP level 9. HP: 53/62 MP: 9/9
  6369 | D:6      | Reached skill level 9 in Unarmed Combat
  7087 | D:7      | Reached **** piety under Cheibriados
  7257 | D:7      | Found a staircase to the Ecumenical Temple.
  7296 | D:7      | Reached skill level 1 in Invocations
  7296 | D:7      | Reached XP level 10. HP: 68/70 MP: 9/11
  7369 | D:7      | Reached skill level 10 in Unarmed Combat
  7651 | D:7      | Found a radiant altar of Vehumet.
  7815 | D:8      | Found a sacrificial altar of Ru.
  7847 | D:8      | Found a stormy altar of Qazlal.
  8120 | D:8      | Noticed Psyche
  8137 | D:8      | Killed Psyche
  8137 | D:8      | Reached ***** piety under Cheibriados
  8524 | D:8      | Reached skill level 5 in Invocations
  8765 | D:8      | Found a shadowy altar of Dithmenos.
  8797 | D:8      | Found Paor's Antique Armour Emporium.
  8889 | D:8      | Found a staircase to the Lair.
  9249 | D:9      | Reached skill level 11 in Unarmed Combat
  9393 | D:9      | Reached XP level 11. HP: 77/77 MP: 15/15
  9636 | D:9      | Gained mutation: Your flesh is cold resistant. (rC+) [potion of mutation]
  9636 | D:9      | Gained mutation: Your spells are a little harder to cast, but a little more powerful. [potion of mutation]
  9680 | D:9      | Found a roughly hewn altar of Beogh.
  9684 | D:9      | Found a staircase to the Orcish Mines.
 10523 | D:9      | Got a bloodstained dagger
 10524 | D:9      | Identified the +7 dagger "Hinuiq" {pierce, Str+4} (You found it on level 9 of the Dungeon)
 10778 | D:9      | Found a sparkling altar of Nemelex Xobeh.
 10851 | D:10     | Entered Level 10 of the Dungeon
 10894 | D:10     | Found an ornate altar of the Wu Jian Council.
 11124 | D:10     | Slain by an efreet

Vault maps used:
D:1:      elethiomel_arrival_shortcut
D:2:      nicolae_overflow_crystal_walls, kennysheep_generic_room_15,
          uniq_robin, uniq_natasha, uniq_crazy_yiuf_cottage
D:3:      first_ration
D:4:      overflow_temple_1_default, old_standard_altar, lemuel_doored_altar,
          kennysheep_vampire_church
D:5:      fedhas_altar_2, basic_altar, gup_sewer_entry_glass
D:6:      evilmike_ruin_ashenzari
D:7:      marbit_many_paths, temple_doors_cd, grunt_ogre_cave
D:8:      nicolae_dithmenos_the_darkroom, old_standard_altar,
          grunt_qazlal_clouds, david_lair_shrubbed, serial_shops,
          nicolae_shop_stone, minmay_lizard_king, uniq_psyche
D:9:      nemelex_xobeh_ov_fountains_minmay, david_orc_5
D:10:     statuecave_lemuel, basic_altar
Sewer:    sewer_minmay_treatment

Skill      XL: |  1  2  3  4  5  6  7  8  9 10 11 |
---------------+----------------------------------+-----
Unarmed Combat | 3 4 5 6 8 9 11 | 11.4
Fighting       | 4 5 6 7 8 |  8.7
Dodging        | 4 5 6 7 8 |  8.6
Invocations    | 1 5 6 |  6.6
Shields        | |  3.0

Action                   |  1- 3 |  4- 6 |  7- 9 | 10-12 || total
-------------------------+-------+-------+-------+-------++-------
Melee: Unarmed           |    73 |   122 |   133 |       ||   328
       Tentacles         |    13 |    24 |    87 |   101 ||   225
       Constrict         |    15 |    38 |    75 |    56 ||   184
       Punch             |       |     6 |    24 |    40 ||    70
       Short sword       |       |       |   184 |   206 ||   390
       Dagger            |       |       |       |    28 ||    28
Invok: Slouch            |       |       |       |     2 ||     2
Evoke: Wand              |       |       |       |     2 ||     2
  Use: Scroll            |       |     5 |    11 |     9 ||    25
       Potion            |       |       |     3 |     4 ||     7
 Stab: Sleeping          |     2 |     1 |    10 |     6 ||    19
  Eat: Chunk             |       |     7 |     5 |     7 ||    19
       Ration            |       |       |     1 |       ||     1
Armor: Skin              |     2 |    16 |    10 |     5 ||    33
Dodge: Dodged            |    46 |   103 |   368 |   245 ||   762

Table legend:
 A = Spawn XP
 B = Non-spawn XP
 C = Spawn XP percentage of total XP
 D = Spawn monster count
 E = Non-spawn monster count
 F = Spawn count percentage of total count
 G = Total turns spent on level
                    A         B        C        D         E        F      G
               +---------+---------+-------+---------+---------+-------+---------
         Total |       0 |   11871 |   0.0 |       0 |     318 |   0.0 | 11124
               +---------+---------+-------+---------+---------+-------+---------
           D:1 |       0 |      41 |   0.0 |       0 |      23 |   0.0 |   935
           D:2 |       0 |     270 |   0.0 |       0 |      39 |   0.0 |  1636
           D:3 |       0 |     221 |   0.0 |       0 |      13 |   0.0 |   861
           D:4 |       0 |     607 |   0.0 |       0 |      31 |   0.0 |   763
           D:5 |       0 |     418 |   0.0 |       0 |      20 |   0.0 |   644
           D:6 |       0 |    2179 |   0.0 |       0 |      23 |   0.0 |  1006
           D:7 |       0 |     968 |   0.0 |       0 |      23 |   0.0 |  1006
           D:8 |       0 |    3549 |   0.0 |       0 |      46 |   0.0 |  1254
           D:9 |       0 |    2363 |   0.0 |       0 |      47 |   0.0 |  1815
          D:10 |       0 |     828 |   0.0 |       0 |       5 |   0.0 |   273
         Sewer |       0 |     427 |   0.0 |       0 |      48 |   0.0 |   931
               +---------+---------+-------+---------+---------+-------+---------
